 Dungeon Crawl Stone Soup version 0.29.1-1-gd02db6906a (webtiles) character file.

Game seed: 9598130571211522361

16951 LustLizard the Markself (level 12, -2/64 HPs)
             Began as a Deep Elf Arcane Marksman on Oct 11, 2022.
             Was a Believer of Hepliaklqana.
             Slain by a killer bee (3 damage)
             ... on level 1 of the Lair of Beasts.
             The game lasted 00:56:24 (16427 turns).

LustLizard the Markself (Deep Elf Arcane Marksman) Turns: 16427, Time: 00:56:24

Health: -2/64      AC:  6    Str:  7    XL:     12   Next: 14%
Magic:  0/28       EV: 13    Int: 20    God:    Hepliaklqana [**....]
Gold:   57         SH:  0    Dex: 19    Spells: 15/32 levels left

rFire   . . .      SeeInvis +   I - +0 shortbow
rCold   . . .      Faith    .   (shield currently unavailable)
rNeg    + + .      Spirit   +   N - +1 robe "Zisupsot" {rPois Archmagi}
rPois   +          Reflect  .   x - +2 hat
rElec   .          Harm     .   z - scarf {repulsion}
rCorr   .          Rampage  .   H - +0 pair of gloves
Will    +++..      Archmagi +   (no boots)
Stlth   ++........              e - amulet of guardian spirit
HPRegen 0.20/turn               k - ring of positive energy
MPRegen 0.21/turn               t - ring "Qojosuex" {rN+ Will++ SInv}

@: on blink cooldown, repel missiles
A: reduced essence
a: Renounce Religion, Recall Ancestor, Ancestor Identity


You were on level 1 of the Lair of Beasts.
You worshipped Hepliaklqana.
Hepliaklqana was pleased with you.
You visited 3 branches of the dungeon, and saw 11 of its levels.

You collected 642 gold pieces.
You spent 585 gold pieces at shops.

Inventory:

Hand Weapons
 a - a +1 sling
 I - a +0 shortbow (weapon)
Missiles
 g - 2 throwing nets
Armour
 c - a +0 robe
 x - a +2 hat (worn)
 z - a scarf of repulsion (worn)
 H - a +0 pair of gloves (worn)
 K - a +0 robe of willpower
 N - the +1 robe "Zisupsot" (worn) {rPois Archmagi}
   (You bought it in a shop on level 5 of the Dungeon)

   rPois:     It protects you from poison.
   Archmagi:  It increases the power of your magical spells.
Jewellery
 e - an amulet of guardian spirit (around neck)
 k - a ring of positive energy (left hand)
 l - an amulet of reflection
 t - the ring "Qojosuex" (right hand) {rN+ Will++ SInv}
   (You found it on level 3 of the Dungeon)

   [ring of positive energy]

   rN:        It protects you from negative energy.
   SInv:      It lets you see invisible.
   Will:      It greatly increases your willpower.
 G - a ring of fire
Wands
 p - a wand of mindburst (7)
 u - a wand of paralysis (3)
 F - a wand of iceblast (5)
 L - a wand of flame (12)
Scrolls
 b - a scroll of poison
 j - 4 scrolls of vulnerability
 o - 2 scrolls of blinking {unknown}
 q - 3 scrolls of butterflies
 r - 2 scrolls of immolation
 s - 3 scrolls of enchant weapon {unknown}
 w - a scroll of amnesia
 y - a scroll of enchant armour
 A - a scroll of magic mapping
 B - a scroll of silence
 M - a scroll of noise
Potions
 h - 3 potions of brilliance
 m - 7 potions of mutation
 n - a potion of might
 v - a potion of flight
 C - 2 potions of lignification
 D - 3 potions of resistance
 E - 2 potions of cancellation
 J - 2 potions of degeneration


   Skills:
 + Level 7.0 Fighting
 * Level 15.3 Ranged Weapons
 - Level 2.4 Dodging
 + Level 10.9 Spellcasting
 - Level 6.0 Conjurations
 - Level 4.0 Hexes
 - Level 2.0 Fire Magic
 * Level 7.3 Invocations
 * Level 7.4 Evocations


You had 15 spell levels left.
You knew the following spells:

 Your Spells              Type           Power      Damage    Failure   Level
a - Slow                  Hex            100%       N/A       1%          1
b - Inner Flame           Hex/Fire       34%        N/A       5%          3
c - Fulminant Prism       Conj/Hex       23%        3d13      9%          4
d - Blink                 Tloc           32%        N/A       10%         2
e - Cause Fear            Hex            20%        N/A       12%         4
f - Portal Projectile     Hex/Tloc       56%        N/A       9%          3

Your spell library contained the following spells:

 Spells                   Type           Power      Damage    Failure   Level
 Magic Dart               Conj           100%       1d8       1%          1
 Searing Ray              Conj           100%       2d8       1%          2
 Static Discharge         Conj/Air       34%        3-8/arc   2%          2
 Sticky Flame             Conj/Fire      40%        2d6       12%         4
 Lesser Beckoning         Tloc           16%        N/A       19%         3
 Dispel Undead            Necr           16%        3d10      54%         4
 Manifold Assault         Tloc           16%        N/A       87%         5


Dungeon Overview and Level Annotations

Branches:
Dungeon (9/15)             Temple (1/1) D:5            Lair (1/5) D:9
    Orc: D:9-12

Altars:
Ashenzari
Gozag
Hepliaklqana
Kikubaaqudgha
Makhleb
Nemelex Xobeh
Ru
Trog
Vehumet
Xom

Shops:
D:5 [=*[?

Annotations:
D:8 exclusion: downstairs


Message History

Aim: a killer bee (50% to hit)
You shoot an arrow. The arrow misses the killer bee.
The killer bee stings you!
* * * LOW HITPOINT WARNING * * *
The killer bee stings you but does no damage.
Lucia misses the killer bee.
Your fulminant prism crackles loudly.
Unknown command.
Fire: I) +0 shortbow
Press: ? - help, Q - select action, (/) - cycle Shift-Dir - straight line, f/p - killer bee
Aim: a killer bee (50% to hit)
You shoot an arrow.
The arrow hits the killer bee but does no damage.
The killer bee stings you!
* * * LOW HITPOINT WARNING * * *
Your fulminant prism explodes!
Lucia avoids your attack.
The blast of energy engulfs the killer bee!!
You kill the killer bee!
The blast of energy engulfs the killer bee!
The killer bee is heavily wounded.
The killer bee stings you.
* * * LOW HITPOINT WARNING * * *
A killer bee comes into view.
The killer bee stings Lucia but does no damage.
You hear an angry buzzing noise. x3
Casting: Fulminant Prism (dangerous; 9% risk of failure)
Confirm with . or Enter, or press ? or * to list all spells.
You feel a surge of power!
You blink.
Lucia completely misses the killer bee.
The killer bee misses you. The killer bee completely misses you.
The air fills with toxic fumes!
As you read the scroll of poison, it crumbles to dust.
The killer bee barely misses you. The killer bee stings you.
* * * LOW HITPOINT WARNING * * *
Lucia closely misses the killer bee.
The killer bee closely misses you. The killer bee stings you.
* * * LOW HITPOINT WARNING * * *
The killer bee attacks as you move away!
The killer bee stings you.
You die...

..........###.........
#§§§§§§§§§## #.........
#§§§§§§§§§## #.........
#§§§§§§§§§§###.........
#§§§§§§§§§###..........
###§§§§§§§§§# #.....†....
.§§§§§§§§§§§# #..........
#§§§§§§§§§§§##P....h.....
#§y§§yy@§§###...........
#§§§§§§y§§###...[.......
##§§§§R§§§§##.}.....h...
##§§§§§§§## #..........
###§§§§## #..........
####P# ........... ###
..#........ ..#........
####....P


You could see the friendly Lucia the knight and 4 killer bees.

Vanquished Creatures
  A two-headed ogre (D:9)
  4 death yaks (D:8)
  The ghost of Zeld the Cleaver, a novice MiBe of Trog (D:6)
  A black mamba (Lair:1)
  The ghost of fireball365 the Cleaver, a novice MiFi of Ashenzari (D:4)
  3 cane toads (Lair:1)
  A komodo dragon (Lair:1)
  A hornet (D:9)
  3 blink frogs (Lair:1)
  Grinder (D:3)
  Sigmund (D:2)
  A basilisk (shapeshifter) (D:8)
  5 yaks (D:8)
  A wraith (D:9)
  An acid dragon (D:9)
  Duvessa (D:4)
  3 water moccasins
  3 orc warriors
  3 ice beasts
  A black bear (D:5)
  3 ogres
  3 wolves (Lair:1)
  5 kobold brigands
  3 bullfrogs
  A necrophage (D:8)
  5 scorpions
  3 wights
  Dowan (D:4)
  8 killer bees
  4 howler monkeys
  3 hounds (D:5)
  3 jellies
  A gnoll bouda (D:3)
  7 orc priests
  An iguana (D:5)
  8 orc wizards
  A statue (D:9)
  A scorpion simulacrum (D:4)
  Robin (D:3)
  7 gnolls
  7 adders
  A white imp (D:7)
  2 ufetubi
  2 worms
  2 dart slugs
  2 adder simulacra (D:4)
  34 orcs
  6 endoplasms
  3 giant cockroaches
  12 goblins
  11 hobgoblins
  3 jackals (D:2)
  2 quokkas
  8 ball pythons
  3 bats (D:1)
  3 frilled lizards
  18 kobolds
  7 rats
  2 fulminant prisms (D:8)
234 creatures vanquished.

Vanquished Creatures (collateral kills)
  A two-headed ogre (D:8)
  3 death yaks
  A cane toad (Lair:1)
  2 polar bears
  A hornet (D:9)
  A blink frog (Lair:1)
  A yak (D:8)
  A wyvern (D:9)
  An acid dragon (D:9)
  3 water moccasins
  3 orc warriors
  2 ogres (D:6)
  A centaur (D:7)
  5 bullfrogs
  A scorpion (D:6)
  3 wights (D:7)
  5 killer bees (Lair:1)
  3 howler monkeys
  A hound (D:7)
  An orc priest (D:7)
  3 orc wizards
  2 scorpion simulacra (D:4)
  2 orcs
  2 kobolds (D:9)
49 creatures vanquished.

Vanquished Creatures (others)
  11 knights
  10 ancestors
  30 fulminant prisms
  A fungus (Lair:1)
  A plant (Lair:1)
  11 withered plants (D:9)
64 creatures vanquished.

Grand Total: 347 creatures vanquished

Notes
Turn   | Place    | Note
-------+----------+-------------------------------------------
     0 | D:1      | LustLizard the Deep Elf Arcane Marksman began the quest for
                  | the Orb.
     0 | D:1      | Reached XP level 1. HP: 11/11 MP: 5/5
    62 | D:1      | Reached skill level 3 in Ranged Weapons
   114 | D:1      | Reached skill level 1 in Fighting
   114 | D:1      | Reached XP level 2. HP: 9/16 MP: 1/7
   299 | D:1      | Found a faded altar of an unknown god.
   528 | D:1      | Reached XP level 3. HP: 20/20 MP: 8/8
   667 | D:1      | Learned a level 3 spell: Inner Flame
   718 | D:2      | Reached skill level 4 in Ranged Weapons
  1338 | D:2      | Noticed Sigmund
  1403 | D:2      | HP: 1/20 [Sigmund/+0 scythe (4)]
  2019 | D:2      | Killed Sigmund
  2020 | D:2      | Reached skill level 5 in Ranged Weapons
  2020 | D:2      | Reached XP level 4. HP: 7/26 MP: 6/11
  2020 | D:2      | Reached XP level 5. HP: 8/30 MP: 6/12
  2917 | D:3      | Identified the ring "Qojosuex" {rN+ Will++ SInv}
  2926 | D:3      | Noticed Robin
  2996 | D:3      | Killed Robin
  2997 | D:3      | Reached XP level 6. HP: 35/35 MP: 13/13
  3145 | D:3      | Noticed Grinder
  3176 | D:3      | Killed Grinder
  3177 | D:3      | Reached skill level 6 in Ranged Weapons
  3575 | D:4      | Noticed Dowan
  3680 | D:4      | Noticed Duvessa
  3765 | D:3      | Reached skill level 7 in Ranged Weapons
  3765 | D:3      | Reached XP level 7. HP: 14/40 MP: 9/16
  4252 | D:4      | Learned a level 4 spell: Fulminant Prism
  4361 | D:4      | Found a burning altar of Makhleb.
  4579 | D:4      | Found a runed translucent gate.
  4579 | D:4      | Found a runed translucent gate.
  4579 | D:4      | Found a runed translucent gate.
  4612 | D:4      | Noticed fireball365's ghost (novice MiFi)
  4640 | D:4      | Reached skill level 5 in Spellcasting
  4640 | D:4      | Reached skill level 1 in Conjurations
  4762 | D:4      | Found a broken altar of Ashenzari.
  4811 | D:4      | Killed Duvessa
  4812 | D:4      | Killed Dowan
  4959 | D:5      | Entered Level 5 of the Dungeon
  5097 | D:5      | Reached skill level 8 in Ranged Weapons
  5139 | D:5      | Found a staircase to the Ecumenical Temple.
  5157 | Temple   | Entered the Ecumenical Temple
  5244 | Temple   | Became a worshipper of Hepliaklqana the Forgotten
  5268 | D:5      | Found a sparkling altar of Nemelex Xobeh.
  5472 | D:5      | Learned a level 2 spell: Blink
  5705 | D:5      | Found Patsabipn's Jewellery Boutique.
  5719 | D:5      | Reached XP level 8. HP: 46/46 MP: 18/18
  5917 | D:5      | Found Veprid's Assorted Antiques.
  5923 | D:5      | Bought a scroll labelled BAIPTY EDUEBE for 31 gold pieces
  5923 | D:5      | Bought a scroll labelled ZIOG TANOM for 31 gold pieces
  5923 | D:5      | Bought a fizzy dark potion for 27 gold pieces
  5923 | D:5      | Bought an amethyst potion for 27 gold pieces
  5929 | D:5      | Found Gaxujoq's Armour Emporium.
  6288 | D:5      | Found Fycosk's Armour Boutique.
  6462 | D:5      | Found Puathuji's Magic Scroll Shop.
  6468 | D:5      | Bought a scroll of identify for 28 gold pieces
  6616 | D:6      | Reached skill level 9 in Ranged Weapons
  6651 | D:6      | Found a bloodstained altar of Trog.
  7094 | D:6      | Found an opulent altar of Gozag.
  7107 | D:6      | Reached * piety under Hepliaklqana
  7120 | D:6      | Reached skill level 10 in Ranged Weapons
  7401 | D:6      | Found a runed translucent gate.
  7401 | D:6      | Found a runed translucent gate.
  7401 | D:6      | Found a runed translucent gate.
  7402 | D:6      | Noticed Zeld's ghost (novice MiBe)
  7452 | D:6      | Reached XP level 9. HP: 39/46 MP: 17/21
  7829 | D:5      | Bought a scroll of identify for 28 gold pieces
  7829 | D:5      | Bought a scroll of teleportation for 42 gold pieces
  7955 | D:4      | Reached skill level 11 in Ranged Weapons
  8004 | D:4      | Killed fireball365's ghost
  8005 | D:4      | Reached skill level 5 in Fighting
  8394 | D:6      | Killed Zeld's ghost
  8395 | D:6      | Reached skill level 12 in Ranged Weapons
  8503 | D:5      | Bought a scroll of identify for 62 gold pieces
  9111 | D:7      | Reached XP level 10. HP: 41/54 MP: 14/25
  9236 | D:7      | Reached skill level 1 in Invocations
  9236 | D:7      | Reached skill level 1 in Evocations
  9596 | D:8      | Reached skill level 13 in Ranged Weapons
 10370 | D:9      | Found an ancient bone altar of Kikubaaqudgha.
 10402 | D:9      | Noticed a shock serpent
 10402 | D:9      | Noticed a two-headed ogre
 10404 | D:9      | Noticed a two-headed ogre
 10660 | D:9      | Reached ** piety under Hepliaklqana
 10829 | D:9      | Noticed a death yak
 10836 | D:9      | Noticed a death yak
 10847 | D:9      | Noticed a death yak
 11107 | D:8      | Learned a level 4 spell: Cause Fear
 11193 | D:9      | Noticed a death yak
 11193 | D:9      | Noticed a death yak
 11193 | D:9      | Noticed a death yak
 11369 | D:8      | Remembered your ancestor Lucia as a knight
 11600 | D:8      | Killed a death yak
 11674 | D:8      | Learned a level 3 spell: Portal Projectile
 11741 | D:9      | Noticed a death yak
 11741 | D:9      | Noticed a death yak
 12532 | D:8      | Killed a death yak
 12533 | D:8      | Reached skill level 5 in Conjurations
 12533 | D:8      | Reached XP level 11. HP: 57/57 MP: 11/26
 12584 | D:8      | Killed a death yak
 12585 | D:8      | Reached skill level 14 in Ranged Weapons
 13013 | D:8      | Killed a death yak
 13014 | D:8      | Reached skill level 5 in Invocations
 13014 | D:8      | Reached skill level 5 in Evocations
 13045 | D:8      | Reached skill level 10 in Spellcasting
 13050 | D:8      | Killed a two-headed ogre
 13420 | D:9      | Killed a death yak
 13765 | D:9      | Found a staircase to the Lair.
 13773 | D:9      | Killed a two-headed ogre
 14258 | D:8      | Killed a death yak
 14333 | D:8      | Killed a death yak
 14681 | D:9      | Found a radiant altar of Vehumet.
 15075 | D:5      | Bought the +1 robe "Zisupsot" {rPois Archmagi} for 309 gold
                  | pieces
 15201 | Lair:1   | Entered Level 1 of the Lair of Beasts
 15670 | Lair:1   | Reached skill level 15 in Ranged Weapons
 15701 | Lair:1   | Reached XP level 12. HP: 10/63 MP: 2/28
 16426 | Lair:1   | HP: 1/64 [killer bee (5)]
 16427 | Lair:1   | Slain by a killer bee

Illustrated notes

Levels and vault maps discovered:
D:1:      heliophobic_arrival_ceremonial_halls, layout_basic,
          hellmonk_ecumenical_altar_run_dry
D:2:      layout_loops_cross, uniq_sigmund
D:3:      layout_basic, item_on_display_a, uniq_grinder, uniq_robin
D:4:      layout_rooms, mainiacjoe_overflow_big_doors, gammafunk_ghost_icy,
          uniq_duvessa
D:5:      layout_loops_corners, nemelex_xobeh_ov_fountains_minmay,
          minmay_temple_entry_wispy, serial_shops, nicolae_shop_behind_doors,
          kennysheep_little_box, nicolae_shop_hallway_plus, shop_fountains,
          nicolae_shop_stone
D:6:      layout_loops_corners, trog_hazing_becter,
          mainiacjoe_overflow_tiny_flanked, ebering_ghost_rock_garden,
          minmay_checkerbox
D:7:      layout_loops_cross
D:8:      layout_basic
D:9:      minmay_bloctagon, layout_irregular_city, vehumet_statue,
          kiku_gazebo_garden_becter, dpeg_lair_monsters
Temple:   jpeg_temple_clearing
Lair:1:   layout_cave_pods, special_room [special_room_bee]

Skill      XL: |  1  2  3  4  5  6  7  8  9 10 11 12 |
---------------+-------------------------------------+-----
Ranged Weapons | 3 5 7 8 10 12 13 15 | 15.3
Fighting       | 1 2 3 4 5 6 7 |  7.0
Spellcasting   | 2 3 4 5 7 9 10 | 10.9
Fire Magic     | 2 |  2.0
Conjurations   | 3 4 5 6 |  6.0
Invocations    | 4 7 |  7.3
Evocations     | 4 7 |  7.4
Dodging        | |  2.4
Hexes          | |  4.0

Action                   |  1- 3 |  4- 6 |  7- 9 | 10-12 || total
-------------------------+-------+-------+-------+-------++-------
 Fire: Sling             |   154 |   129 |   506 |    15 ||   804
       Shortbow          |       |       |       |   461 ||   461
 Cast: Slow              |    11 |    12 |    34 |    30 ||    87
       Fulminant Prism   |       |       |     4 |    28 ||    32
       Inner Flame       |       |       |     3 |    14 ||    17
       Blink             |       |       |     2 |    20 ||    22
Invok: Recall Ancestor   |       |       |       |    15 ||    15
       Ancestor Life: Kn |       |       |       |     1 ||     1
Evoke: Wand              |       |       |     4 |       ||     4
  Use: Scroll            |       |     3 |    12 |    14 ||    29
       Potion            |       |       |     6 |     6 ||    12
Armor: Robe              |     8 |    13 |    14 |    20 ||    55
Dodge: Dodged            |    30 |    38 |    83 |   101 ||   252
       Repelled          |       |       |     2 |     2 ||     4
